 Dungeon Crawl Stone Soup version 0.24.0-13-gcf9b319 (webtiles) character file.

Game seed: 12533962689050558479, levelgen mode: deterministic

123 Fortress the Insei (level 5, -1/33 HPs)
             Began as an Octopode Transmuter on Jan 7, 2020.
             Slain by an orc
             ... wielding a +0 dagger
              (2 damage)
             ... on level 3 of the Dungeon.
             The game lasted 00:07:37 (2618 turns).

Fortress the Insei (Octopode Transmuter)            Turns: 2618, Time: 00:07:37

Health: -1/33      AC:  1    Str:  9    XL:     5   Next: 7%
Magic:  8/8        EV: 13    Int: 17    God:
Gold:   151        SH:  0    Dex: 12    Spells: 7/8 levels left

rFire    . . .     SeeInvis .     - Unarmed
rCold    . . .     Gourm    .   (no shield)
rNeg     . . .     Faith    +   (helmet restricted)
rPois    .         Spirit   .   e - amulet of faith (curse)
rElec    .         Reflect  .   (no ring)
rCorr    .         Harm     .   (no ring)
MR       .....                  (no ring)
Stlth    +++.......             (no ring)
HPRegen  0.11/turn              (no ring)
MPRegen  0.11/turn              (no ring)
                                (no ring)
                                (no ring)

@: appendage
A: almost no armour, stealthy swim, amphibious, 8 rings, constrict 8, tentacle
spike 3, camouflage 1, gelatinous body 1
a: End Transformation


You were on level 3 of the Dungeon.
You were hungry.
One of your tentacles had a temporary spike.
You visited 1 branch of the dungeon, and saw 3 of its levels.

You collected 151 gold pieces.

Inventory:

Missiles
 a - 27 arrows
 i - 6 boomerangs of dispersal (quivered)
 j - 42 poisoned darts
Jewellery
 e - a cursed amulet of faith (around mantle)
Wands
 m - a wand of paralysis (2)
Scrolls
 b - 3 scrolls of remove curse {unknown}
 d - a scroll of teleportation {unknown}
 f - a scroll of noise {unknown}
 k - 2 scrolls of identify {unknown}
 l - a scroll of amnesia {unknown}
Potions
 g - a potion of lignification {unknown}
 h - 2 potions of curing
Comestibles
 c - 3 rations


   Skills:
 + Level 1.5 Fighting
 - Level 2.0 Dodging
 + Level 1.7 Stealth
 + Level 5.2 Unarmed Combat
 - Level 2.0 Spellcasting
 - Level 2.0 Transmutations


You had 7 spell levels left.
You knew the following spells:

 Your Spells              Type           Power        Failure   Level  Hunger
a - Beastly Appendage     Tmut           #.....       9%          1    #......

Your spell library contained the following spells:

 Spells                   Type           Power        Failure   Level  Hunger
 Sticks to Snakes         Tmut           #.......     13%         2    ###....
 Spider Form              Tmut/Pois      #.........   36%         3    ###....
 Ice Form                 Ice/Tmut       #.......     77%         4    #####..
 Blade Hands              Tmut           #.........   93%         5    ######.


Dungeon Overview and Level Annotations

Branches:
Dungeon (3/15)

Altars:


Innate Abilities, Weirdness & Mutations

You cannot wear most types of armour.
You are very stealthy in the water. (Stealth+)
You are amphibious.
You can wear up to eight rings at the same time.
You can use your tentacles to constrict eight enemies at once.
Your skin changes colour to match your surroundings (Stealth+).
Your rubbery body absorbs attacks. (AC +1, EV +1)
One of your tentacles bears a large vicious spike.


Message History

You completely miss the orc. Your grab misses the orc.
Your squeeze misses the orc.
The orc is moderately wounded.
You tentacle-slap the orc. You grab the orc.
The orc is heavily wounded.
You constrict the orc. The orc barely misses you.
You tentacle-slap the orc.
The orc is severely wounded.
You constrict the orc. The orc hits you with a +0 hand axe.
You tentacle-slap the orc.
You kill the orc!
You tentacle-slap the orc. You grab the orc.
You pierce the orc, but do no damage.
The orc is severely wounded.
You constrict the orc.
The orc priest calls down the wrath of Beogh upon you.
Beogh smites you!
* * * LOW HITPOINT WARNING * * *
The orc hits you with a +0 dagger.
You die...

#.# #.#.#
#.# #.#.#
#.# #.#.#
#.# # ..#.#
#.#########
#.####.#†#
#.........#
......#.#
#########.#
#.##...#.#
#.#
#.....<#.#
#@#
....###.#.#
#o# #
#...#.# #o#
#.....# #.#
####### .o#
..# #.# #.#


You could see an orc priest and 2 orcs.

Vanquished Creatures
  Ijyb (D:3)
  2 adders
  5 dart slugs
  A worm (D:3)
  5 orcs (D:3)
  2 bats
  7 giant cockroaches
  7 hobgoblins
  10 jackals
  2 quokkas
  A ball python (D:2)
  A frilled lizard (D:2)
  3 goblins
  3 kobolds
  8 rats
58 creatures vanquished.

Notes
Turn   | Place    | Note
-------+----------+-------------------------------------------
     0 | D:1      | Fortress the Octopode Transmuter began the quest for the
                  | Orb.
     0 | D:1      | Reached XP level 1. HP: 13/13 MP: 3/3
   131 | D:1      | Reached XP level 2. HP: 12/18 MP: 5/5
   542 | D:1      | Reached skill level 4 in Unarmed Combat
   566 | D:1      | Reached XP level 3. HP: 22/23 MP: 6/6
  1597 | D:2      | Reached XP level 4. HP: 27/28 MP: 7/7
  1968 | D:3      | Reached skill level 1 in Stealth
  2281 | D:3      | Noticed Ijyb
  2299 | D:3      | Killed Ijyb
  2299 | D:3      | Reached skill level 5 in Unarmed Combat
  2299 | D:3      | Reached XP level 5. HP: 17/33 MP: 8/8
  2618 | D:3      | HP: 1/33 [orc priest/divine providence (11)]
  2618 | D:3      | Slain by an orc

Levels and vault maps discovered:
D:1:      kilobyte_arrival_exit_the_forest, layout_basic
D:2:      layout_basic, first_ration, minivault_25, minmay_worlds_worst_comb
D:3:      layout_basic, nemelex_xobeh_ov_fountains_minmay, uniq_ijyb

Skill      XL: |  1  2  3  4 |
---------------+-------------+-----
Unarmed Combat | 4 5 |  5.2
Stealth        | 1 |  1.7
Fighting       | |  1.5
Dodging        | |  2.0
Spellcasting   | |  2.0
Transmutations | |  2.0

Action                   |  1- 3 |  4- 6 || total
-------------------------+-------+-------++-------
Melee: Unarmed           |   101 |    68 ||   169
       Constrict         |    27 |    15 ||    42
       Tentacles         |    15 |    11 ||    26
       Punch             |     1 |     3 ||     4
       Kick              |       |     9 ||     9
 Cast: Beastly Appendage |       |     6 ||     6
  Use: Potion            |       |     2 ||     2
 Stab: Sleeping          |     1 |     2 ||     3
  Eat: Chunk             |     2 |     3 ||     5
Armor: Skin              |     7 |     4 ||    11
Dodge: Dodged            |    50 |    30 ||    80
